cohdb
Replays
Latest Replays
All Replays
Popular Replays
Top Player Replays
Match Explorer
How It Works
Community
CoH3 Stats
Reddit
Sign in to upload your games and track your stats! →
Sign in with Steam
Match 41323750
Unlisted
Match 41323750
Overview
Messages
Build Orders
End
Pioneer Squad
Construct Infanterie Kompanie
Selects Terror Battlegroup
Selects Machine Gun Camouflage
Grenadier Squad
MG 42 Machine Gun Team
Grenadier Squad
MG 42 Machine Gun Team
Selects Contempt for the Weak
Medical Bunker
Construct Panzergrenadier Kompanie
Panzergrenadier Squad
Support Elements
Panzergrenadier Squad
MG 42 Machine Gun Team
Selects No Quarter
StuG III G Assault Gun
StuG III G Assault Gun
Panzergrenadier Officer Quarters
StuG III G Assault Gun
StuG III G Assault Gun
Selects King Tiger Heavy Tank
Panzergrenadier Squad
StuG III G Assault Gun
Pioneer Squad
Selects Propaganda Leaflet Drop
Selects V1 Rocket Strike
Side Skirts
V1 Rocket Strike
StuG III G Assault Gun
MADAO
SKELETRON
0
0
Comments
sign in to comment!
No comments posted yet!